 Dungeon Crawl Stone Soup version 0.29-a0-82-g837932c90e (webtiles) character file.

Game seed: 15031387330426575120

125 HallandMoats the Skirmisher (level 5, -9/46 HPs)
             Began as a Ghoul Monk on Feb 4, 2022.
             Was a Priest of Okawaru.
             Killed by divine providence
             ... invoked by an orc priest
              (16 damage)
             ... on level 3 of the Dungeon.
             The game lasted 00:04:29 (2150 turns).

HallandMoats the Skirmisher (Ghoul Monk)            Turns: 2150, Time: 00:04:30

Health: -9/46      AC:  6    Str: 17    XL:     5   Next: 9%
Magic:  4/5        EV: 10    Int: 11    God:    Okawaru [***...]
Gold:   96         SH:  0    Dex: 11    Spells: 4/4 levels left

rFire   . . .      SeeInvis .   b - +1 whip of Responsibility {drain, Fly rElec rPois Int+6}
rCold   + . .      Faith    .   (no shield)
rNeg    + + +      Spirit   .   h - +0 scale mail
rPois   ∞          Reflect  .   (no helmet)
rElec   +          Harm     .   (no cloak)
rCorr   .          Rampage  .   (no gloves)
Will    .....                   (no boots)
Stlth   ..........              (no amulet)
HPRegen 0.00/turn               (no ring)
MPRegen 0.09/turn               (no ring)

@: flying, inhibited regen
A: claws 1, cold resistance 1, negative energy resistance 3, inhibited
regeneration, torment resistance 2
a: Renounce Religion, Heroism


You were on level 3 of the Dungeon.
You worshipped Okawaru.
Okawaru was most pleased with you.
You visited 1 branch of the dungeon, and saw 3 of its levels.

You collected 96 gold pieces.

Inventory:

Hand Weapons
 a - a +0 spear
 b - the +1 whip of Responsibility (weapon) {drain, Fly rElec rPois Int+6}
   (You found it on level 3 of the Dungeon)

   A truly terrible weapon, it drains the life of any living foe it strikes.
   Int:       It affects your intelligence (+6).
   rElec:     It insulates you from electricity.
   rPois:     It protects you from poison.
   Fly:       It grants you flight.
Armour
 h - a +0 scale mail (worn)
Scrolls
 d - 2 scrolls of identify
 e - a scroll of teleportation {unknown}
 i - a scroll of fog {unknown}
Potions
 c - 2 potions of mutation {unknown}
 f - a potion of curing
 g - a potion of ambrosia {unknown}


   Skills:
 + Level 4.0 Fighting
 + Level 3.2 Polearms
 + Level 1.6 Armour
 + Level 3.3 Dodging
 - Level 2.1 Stealth
 + Level 2.0 Invocations


You had 4 spell levels left.
You didn't know any spells.
Your spell library contained the following spells:

 Spells                   Type           Power      Damage    Failure   Level
 Shock                    Conj/Air       0%         1d3       77%         1
 Inner Flame              Hex/Fire       0%         N/A       98%         3
 Swiftness                Air            0%         N/A       98%         3
 Airstrike                Air            0%         N/A       100%        4
 Cause Fear               Hex            0%         N/A       100%        4
 Discord                  Hex            0%         N/A       100%        8


Dungeon Overview and Level Annotations

Branches:
Dungeon (3/15)

Altars:
Okawaru
Xom


Innate Abilities, Weirdness & Mutations

You thrive by killing the living.
You are immune to poison.
You have sharp fingernails.
Your flesh is cold resistant. (rC+)
You are immune to negative energy. (rN+++)
You do not regenerate when monsters are visible.
You are immune to unholy pain and torment.


Message History

The orc priest looks satisfied for a moment.
The orc priest hits you with a +0 club.
You completely miss the orc priest.
The orc priest is severely wounded.
The orc priest barely misses you.
You hit the orc priest.
The orc priest is almost dead.
The orc priest hits you but does no damage.
You closely miss the orc priest.
The orc priest is almost dead.
The orc priest mumbles some strange prayers to Beogh against you.
Beogh smites you!
* * * LOW HITPOINT WARNING * * *
The orc priest hits you but does no damage.
You hit the orc priest.
You kill the orc priest!
Okawaru accepts your kill.
You feel better. The orc priest barely misses you.
Your Fighting skill increases to level 4!
Your Invocations skill increases to level 2!
You have reached level 5!
You feel stronger.
You hit the orc priest. You drain the orc priest.
The orc priest is heavily wounded.
The orc priest closely misses you.
You hit the orc priest but do no damage.
You drain the orc priest.
The orc priest is severely wounded.
The orc priest hits you but does no damage.
You hit the orc priest.
The orc priest is almost dead.
The orc priest barely misses you.
You hit the orc priest but do no damage.
The orc priest is almost dead.
The orc priest hits you but does no damage.
You barely miss the orc priest.
The orc priest is almost dead.
The orc priest invokes the aid of Beogh against you.
Beogh smites you!
You die...

..... .... ... # ... ..
.#####.o .# .... .. ..
.... ..
##..##.###.####)##.#####
..................o.....
............####o##.#####
..#.....#.#.####@# #
..#.###.#........#
..#..............#
....###.#........##.###
........................
..#.###.#.#.#......)....
............##......####
..........#.##......#
..........#.##......#


You could see an orc priest (drained).

Vanquished Creatures
  An orc priest (D:3)
  An orc wizard (D:3)
  An adder (D:2)
  A worm (D:2)
  A dart slug (D:1)
  2 orcs (D:3)
  7 ball pythons
  3 bats
  4 endoplasms
  A giant cockroach (D:1)
  A goblin (D:1)
  6 hobgoblins
  7 kobolds
  6 quokkas
  A frilled lizard (D:3)
  4 rats (D:1)
47 creatures vanquished.

Notes
Turn   | Place    | Note
-------+----------+-------------------------------------------
     0 | D:1      | HallandMoats the Ghoul Monk began the quest for the Orb.
     0 | D:1      | Reached XP level 1. HP: 19/19 MP: 0/0
    28 | D:1      | Found a faded altar of an unknown god.
    35 | D:1      | Prayed at the altar of an unknown god.
    35 | D:1      | Became a worshipper of Warmaster Okawaru
    35 | D:1      | Reached * piety under Okawaru
    35 | D:1      | Reached ** piety under Okawaru
   299 | D:1      | Reached XP level 2. HP: 26/26 MP: 1/1
   446 | D:1      | Reached *** piety under Okawaru
   737 | D:1      | Reached skill level 1 in Invocations
   790 | D:1      | Reached XP level 3. HP: 25/31 MP: 2/2
   935 | D:1      | Reached skill level 1 in Armour
  1033 | D:2      | Found a shimmering altar of Xom.
  1553 | D:2      | Reached XP level 4. HP: 40/40 MP: 4/4
  2053 | D:3      | Identified the +1 whip of Responsibility {drain, Fly rElec
                  | rPois Int+6}
  2053 | D:3      | Noticed an ogre
  2146 | D:3      | Reached skill level 4 in Fighting
  2146 | D:3      | Reached XP level 5. HP: 7/46 MP: 3/5
  2150 | D:3      | Killed from afar by an orc priest

Illustrated notes

Levels and vault maps discovered:
D:1:      dpeg_arrival_stone_temple_mockup, layout_basic,
          hellmonk_ecumenical_altar_crossroads, minmay_ruptured
D:2:      layout_loops_ring, basic_altar
D:3:      layout_basic

Skill      XL: |  1  2  3  4 |
---------------+-------------+-----
Invocations    | 1 2 |  2.0
Armour         | 1 |  1.6
Dodging        | 3 |  3.3
Polearms       | 3 |  3.2
Fighting       | 4 |  4.0
Stealth        | |  2.1

Action                   |  1- 3 |  4- 6 || total
-------------------------+-------+-------++-------
Melee: Spear             |   140 |    31 ||   171
       Punch             |     4 |     1 ||     5
       Whip              |       |    33 ||    33
Invok: Heroism           |       |     1 ||     1
  Use: Scroll            |       |     1 ||     1
       Potion            |       |     1 ||     1
 Stab: Sleeping          |     3 |       ||     3
Armor: Robe              |    13 |     2 ||    15
       Scale mail        |       |    17 ||    17
Dodge: Dodged            |    66 |    29 ||    95

Table legend: (Time is in decaauts)
 A = Elapsed time spent in this place.
 B = Non-inter-level travel time spent in this place.
 C = Inter-level travel time spent in this place.
 D = Time resting spent in this place.
 E = Time spent auto-exploring this place.
 F = Levels seen in this place.
 G = Mean time per level.
                   A        B        C        D        E       F      G
               +--------+--------+--------+--------+--------+-----+--------+
         Total |   2144 |   2005 |    139 |    383 |   1200 |   3 |  714.7 |
       Dungeon |   2144 |   2005 |    139 |    383 |   1200 |   3 |  714.7 |
               +--------+--------+--------+--------+--------+-----+--------+

Top non-repeatable levels by time:
     D:1: 1236 daAuts
     D:2: 833 daAuts
     D:3: 74 daAuts
